 Dungeon Crawl Stone Soup version 0.21.0-25-ge575cb9 (webtiles) character file.

3424 Moloch the Arsonist (level 10, -14/56 HPs)
             Began as an Octopode Fire Elementalist on Jan 24, 2018.
             Was a Believer of Vehumet.
             Killed by the air
             ... invoked by Gastronok
              (39 damage)
             ... on level 8 of the Dungeon.
             The game lasted 00:20:19 (8336 turns).

Moloch the Arsonist (Octopode Fire Elementalist)    Turns: 8336, Time: 00:20:20

Health: -14/56     AC:  1    Str:  9    XL:     10   Next: 5%
Magic:  3/22       EV: 13    Int: 20    God:    Vehumet [**....]
Gold:   271        SH:  0    Dex: 12    Spells: 6/25 levels left

rFire    . . .     SeeInvis .   h - +0 hunting sling
rCold    . . .     Gourm    .   (no shield)
rNeg     . . .     Faith    .   (helmet restricted)
rPois    .         Spirit   .   q - amulet of rage
rElec    .         Reflect  .   (no ring)
rCorr    .         Harm     .   (no ring)
MR       .....                  (no ring)
Stlth    +++.......             (no ring)
HPRegen  0.18/turn              (no ring)
MPRegen  0.18/turn              (no ring)
                                (no ring)
                                (no ring)

@: very slightly contaminated
A: almost no armour, stealthy swim, amphibious, 8 rings, constrict 8, camouflage
1, gelatinous body 1
a: Renounce Religion, Evoke Berserk Rage


You were on level 8 of the Dungeon.
You worshipped Vehumet.
Vehumet was pleased with you.
You were not hungry.

You visited 2 branches of the dungeon, and saw 9 of its levels.

You collected 271 gold pieces.

Inventory:

Hand Weapons
 h - a +0 hunting sling (weapon)
Missiles
 i - 20 sling bullets
 j - 232 stones (quivered)
 l - 6 tomahawks
 s - 15 javelins
 t - a throwing net
Jewellery
 q - an amulet of rage (around mantle)
 H - a cursed ring of teleportation {unknown}
Wands
 z - a wand of paralysis (32)
Scrolls
 c - 4 scrolls of fog {unknown}
 d - a scroll of enchant weapon {unknown}
 e - 3 scrolls of magic mapping {unknown}
 k - 9 scrolls of identify {unknown}
 m - 3 scrolls of enchant armour {unknown}
 x - 3 scrolls of remove curse {unknown}
 y - 3 scrolls of blinking {unknown}
 A - a scroll of amnesia {unknown}
 C - 2 scrolls of fear {unknown}
 F - a scroll of immolation {unknown}
Potions
 f - 5 potions of might {unknown}
 g - a potion of brilliance
 n - a potion of agility {unknown}
 o - 2 potions of flight
 p - 2 potions of lignification {unknown}
 r - a potion of heal wounds
 u - a potion of resistance
 w - 4 potions of curing
 B - a potion of berserk rage {unknown}
 D - a potion of haste {unknown}
 E - a potion of cancellation {unknown}
 G - a potion of degeneration {unknown}
Books
 a - a book of Flames

   Spells                             Type                      Level
   a - Flame Tongue                   Conjuration/Fire             1
   b - Throw Flame                    Conjuration/Fire             2
   c - Conjure Flame                  Conjuration/Fire             3
   d - Inner Flame                    Hexes/Fire                   3
   e - Sticky Flame                   Conjuration/Fire             4
   f - Fireball                       Conjuration/Fire             5
 v - a book of Minor Magic

   Spells                             Type                      Level
   a - Magic Dart                     Conjuration                  1
   b - Blink                          Translocation                2
   c - Call Imp                       Summoning                    2
   d - Slow                           Hexes                        2
   e - Conjure Flame                  Conjuration/Fire             3
   f - Mephitic Cloud                 Conjuration/Poison/Air       3
Comestibles
 b - 16 rations


   Skills:
 - Level 2.0 Dodging
 - Level 2.6 Stealth
 * Level 8.3 Spellcasting
 * Level 7.7 Conjurations
 * Level 8.3 Fire Magic


You had 6 spell levels left.
You knew the following spells:

 Your Spells              Type           Power        Failure   Level  Hunger
a - Flame Tongue          Conj/Fire      #####        1%          1    None
b - Conjure Flame         Conj/Fire      #####...     1%          3    None
c - Sticky Flame          Conj/Fire      #####...     3%          4    ###....
d - Blink                 Tloc           N/A          12%         2    None
e - Magic Dart            Conj           ####         1%          1    None
f - Mephitic Cloud        Conj/Pois/Air  ###.....     9%          3    None
g - Fireball              Conj/Fire      #####.....   9%          5    #####..


Dungeon Overview and Level Annotations

Branches:
Dungeon (8/15)             Temple (1/1) D:5
   Lair: D:8-11

Altars:
Dithmenos
Elyvilon
Gozag
Kikubaaqudgha
Nemelex Xobeh
Ru
Uskayaw
Vehumet
Wu Jian
Xom

Annotations:
D:4 exclusion: phantom
D:5 Prince Ribbit
D:8 Gastronok, Joseph


Innate Abilities, Weirdness & Mutations

You cannot wear most types of armour.
You are very stealthy in the water. (Stealth+)
You are amphibious.
You can wear up to eight rings at the same time.
You can use your tentacles to constrict eight enemies at once.
Your skin changes colour to match your surroundings (Stealth+).
Your rubbery body absorbs attacks. (AC +1, EV +1)


Message History

Press: ? - help, Shift-Dir - straight line, f - Joseph
Aim: Joseph, wielding a hunting sling and wearing a leather armour The ball explodes into a vile cloud!
The stinking cloud engulfs Joseph.
Joseph is engulfed in noxious fumes.
Joseph appears confused.
Unknown command.
Unknown command.
Unknown command.
Casting: Mephitic Cloud
Confirm with . or Enter, or press ? or * to list all spells.
Aiming: Mephitic Cloud
Press: ? - help, Shift-Dir - straight line, f - bullfrog, p - Joseph
Aim: a bullfrog You miscast Mephitic Cloud.
Wisps of vapour drift from your tentacles.
Joseph is engulfed in noxious fumes.
Joseph appears confused.
Joseph says, "I'm a little confused."
Gastronok waves his eye-stalks in wide circles.
The air twists around and strikes you!
Ouch! That really hurt!
You die...

.### ...### #
............###
.....#.....w...........#
.......................
.....................#
<...................#
..............F....#
..................#
.#...........#§§@.#
.............#§..##
.#####......#.@§.### .#
###...##†...... .#
##...)##### .# ###.## .#
#.# ## ###


You could see Gastronok, Joseph (confused) and a bullfrog.

Vanquished Creatures
  A spriggan (D:7)
  Eustachio (D:6)
  2 ice beasts (D:6)
  An orc warrior (D:6)
  A black bear (D:6)
  4 sky beasts
  2 phantoms
  5 ogres
  2 centaurs
  4 bullfrogs
  A big kobold (D:7)
  2 scorpions
  5 wights (D:7)
  2 howler monkeys (D:5)
  4 crimson imps
  3 hounds
  2 jellies (D:7)
  2 orc priests
  4 orc wizards
  3 bullfrog skeletons
  8 worker ants
  A killer bee zombie (D:7)
  A howler monkey zombie (D:7)
  9 adders
  2 shadow imps (D:7)
  2 adder skeletons
  A worm (D:2)
  3 dart slugs
  8 leopard geckos
  9 orcs
  5 giant cockroaches
  7 goblins
  8 hobgoblins
  15 jackals
  3 quokkas
  8 bats
  6 frilled lizards
  A jackal skeleton (D:4)
  15 kobolds
  4 rats
167 creatures vanquished.

Notes
Turn   | Place    | Note
-------+----------+-------------------------------------------
     0 | D:1      | Moloch the Octopode Fire Elementalist began the quest for the Orb.
     0 | D:1      | Reached XP level 1. HP: 11/11 MP: 3/3
   111 | D:1      | Reached XP level 2. HP: 5/17 MP: 0/5
   766 | D:1      | Reached XP level 3. HP: 17/21 MP: 2/6
   771 | D:1      | Learned a level 3 spell: Conjure Flame
  1516 | D:2      | Reached XP level 4. HP: 25/27 MP: 8/8
  1798 | D:2      | Learned a level 4 spell: Sticky Flame
  2210 | D:3      | Noticed an ogre
  2410 | D:3      | Killed an ogre
  2410 | D:3      | Reached XP level 5. HP: 31/31 MP: 5/10
  3044 | D:4      | Reached XP level 6. HP: 33/36 MP: 6/11
  3155 | D:4      | Noticed a phantom
  4126 | D:4      | Reached XP level 7. HP: 31/41 MP: 6/13
  4134 | D:4      | Learned a level 2 spell: Blink
  4136 | D:4      | Learned a level 1 spell: Magic Dart
  4392 | D:4      | Reached skill level 5 in Fire Magic
  4398 | D:4      | Learned a level 3 spell: Mephitic Cloud
  4631 | D:5      | Entered Level 5 of the Dungeon
  4648 | D:5      | Found a staircase to the Ecumenical Temple.
  4660 | Temple   | Entered the Ecumenical Temple
  4675 | Temple   | Became a worshipper of Vehumet
  4779 | D:5      | Reached skill level 5 in Spellcasting
  4853 | D:5      | Noticed Prince Ribbit
  5037 | D:5      | Found a radiant altar of Vehumet.
  5168 | D:5      | Reached XP level 8. HP: 46/46 MP: 9/15
  5439 | D:5      | Reached skill level 5 in Conjurations
  6020 | D:6      | Noticed Eustachio
  6357 | D:6      | Killed Eustachio
  6357 | D:6      | Reached XP level 9. HP: 21/51 MP: 5/19
  6455 | D:6      | Reached * piety under Vehumet
  6455 | D:6      | Offered knowledge of Sting by Vehumet.
  7349 | D:7      | Learned a level 5 spell: Fireball
  7703 | D:7      | Reached ** piety under Vehumet
  7877 | D:7      | Offered knowledge of Searing Ray by Vehumet.
  8320 | D:8      | Reached XP level 10. HP: 48/56 MP: 19/22
  8328 | D:8      | Noticed Joseph
  8334 | D:8      | Noticed Gastronok
  8336 | D:8      | Killed from afar by Gastronok

Skill      XL: |  1  2  3  4  5  6  7  8  9 |
---------------+----------------------------+-----
Spellcasting   | 3 4 5 6 8 |  8.3
Conjurations   | 2 3 4 6 7 |  7.7
Fire Magic     | 4 5 7 8 |  8.3
Dodging        | |  2.0
Stealth        | |  2.6

Action                   |  1- 3 |  4- 6 |  7- 9 | 10-12 || total
-------------------------+-------+-------+-------+-------++-------
Melee: Unarmed           |     8 |       |       |       ||     8
       Constrict         |     2 |       |       |       ||     2
 Fire: Hunting sling     |    42 |   121 |    83 |     3 ||   249
 Cast: Flame Tongue      |    46 |    60 |   160 |     2 ||   268
       Sticky Flame      |       |     8 |    24 |     2 ||    34
       Magic Dart        |       |       |    35 |       ||    35
       Conjure Flame     |       |       |     4 |       ||     4
       Mephitic Cloud    |       |       |     1 |     1 ||     2
       Blink             |       |       |       |     1 ||     1
  Use: Potion            |     2 |     2 |       |       ||     4
  Eat: Chunk             |     2 |     7 |    11 |       ||    20
       Ration            |       |     1 |     1 |     1 ||     3
Armor: Skin              |     3 |     1 |     9 |     1 ||    14
Dodge: Dodged            |    18 |    36 |    82 |     3 ||   139
